Map: [ESL] Oceanborn

Players

Nice

  • Race: Protoss Protoss
  • Spawn Location: 11:00

Coffee - Winner!

  • Race: Terran Terran
  • Spawn Location: 5:00

Event: ESL SC2 Masters 2024 Spring (Regional)

VOD

Have the link to the VOD?

Description

Time

  • Played on: April 28, 2024, 6:45 a.m.
  • Length: 11:03

All games in this series

Show
View Real Time Build Order
Export as new Build Order

Nice Protoss 

Build Orders: 1 Gate Expand, Oracle Opening, Phoenix Opening, Colossus Rush 

Get SALT Encoding   

  12  0:00  Probe  
  13  0:12  Probe  
  14  0:18  Pylon  
  14  0:24  Probe (Chrono Boost)  
  15  0:37  Probe (Chrono Boost), Gateway  
  15  0:42  Probe  
  16  0:45  Assimilator  
  17  0:54  Probe  
  18  1:06  Probe  
  19  1:18  Probe  
  19  1:23  Cybernetics Core  
  20  1:31  Nexus  
  20  1:37  Pylon  
  20  1:43  Assimilator  
  20  1:44  Probe  
  21  1:57  Probe, Adept (Chrono Boost)  
  24  2:02  Shield Battery  
  24  2:09  Probe  
  24  2:14  Stargate  
  25  2:18  Adept (Chrono Boost)  
  27  2:25  Probe  
  27  2:28  Warp Gate  
  28  2:40  Adept  
  30  2:51  Probe  
  30  2:53  Probe  
  32  2:59  Oracle (Chrono Boost)  
  32  3:03  Probe  
  32  3:05  Probe  
  37  3:15  Pylon, Probe  
  37  3:17  Probe  
  39  3:27  Probe  
  39  3:29  Robotics Facility, Probe  
  41  3:37  Phoenix (Chrono Boost)  
  41  3:39  Probe  
  41  3:41  Probe  
  44  3:52  Probe  
  44  3:53  Probe  
  44  3:58  Gateway  
  44  4:00  Phoenix (Chrono Boost), Gateway  
  46  4:04  Probe  
  46  4:05  Probe  
  48  4:10  Shield Battery  
  48  4:11  Assimilator  
  48  4:13  Assimilator  
  49  4:19  Immortal (Chrono Boost)  
  52  4:24  Probe x2  
  54  4:35  Pylon  
  54  4:46  Pylon  
  54  4:53  Phoenix, Probe x2  
  54  4:56  Immortal (Chrono Boost)  
  62  5:05  Probe x2  
  64  5:10  Robotics Bay  
  64  5:17  Probe x2  
  64  5:18  Phoenix  
  64  5:21  Pylon  
  68  5:29  Probe x2  
  68  5:33  Pylon  
  70  5:36  Observer (Chrono Boost)  
  70  5:40  Nexus  
  70  5:42  Probe x2  
  73  5:45  Phoenix  
  75  5:54  Probe  
  75  5:56  Probe  
  77  5:58  Colossus (Chrono Boost)  
  77  5:59  Shield Battery  
  83  6:06  Probe  
  83  6:10  Phoenix  
  86  6:19  Pylon  
  86  6:28  Forge  
  86  6:31  Pylon  
  86  6:37  Probe x2  
  88  6:44  Extended Thermal Lance, Adept x3  
  94  6:49  Probe x2, Colossus (Chrono Boost)  
  99  6:58  Probe  
  92  7:01  Probe  
  93  7:09  Phoenix  
  93  7:13  Pylon  
  95  7:17  Probe x2  
  95  7:18  Probe  
  98  7:28  Observer  
  98  7:29  Pylon  
  100  7:30  Photon Cannon, Probe x3 (Chrono Boost)  
  100  7:32  Photon Cannon  
  100  7:35  Shield Battery  
  100  7:36  Colossus (Chrono Boost)  
  101  7:42  Protoss Ground Weapons Level 1, Probe (Chrono Boost)  
  110  7:47  Probe x2 (Chrono Boost)  
  110  7:50  Probe (Chrono Boost)  
  111  7:51  Phoenix  
  111  7:54  Probe x2 (Chrono Boost)  
  116  7:59  Assimilator  
  116  8:00  Assimilator  
  116  8:01  Pylon  
  116  8:03  Fleet Beacon  
  115  8:06  Observer  
  115  8:09  Probe x2  
  115  8:10  Probe  
  118  8:14  Protoss Air Weapons Level 1 (Chrono Boost)  
  118  8:16  Phoenix  
  120  8:21  Photon Cannon, Probe  
  120  8:22  Pylon  
  120  8:24  Probe  
  120  8:25  Observer, Probe  
  123  8:27  Pylon  
  123  8:38  Disruptor (Chrono Boost)  
  123  8:40  Pylon  
  127  8:44  Phoenix, Stargate  
  128  8:52  Pylon  
  128  8:56  Pylon  
  128  9:00  Zealot x3  
  120  9:11  Carrier (Chrono Boost)  
  120  9:15  Probe x3  
  127  9:17  Photon Cannon  
  127  9:21  Shield Battery, Anion Pulse-Crystals (Chrono Boost)  
  127  9:26  Carrier (Chrono Boost)  
  133  9:34  Pylon, Probe (Chrono Boost)  
  133  9:37  Probe (Chrono Boost)  
  133  9:38  Nexus  
  135  9:43  Pylon  
  141  9:54  Disruptor  
  141  9:58  Probe x2 (Chrono Boost)  
  147  10:01  Shield Battery  
  147  10:05  Photon Cannon  
  147  10:08  Shield Battery  
  147  10:10  Probe  
  147  10:11  Stalker x2  
  147  10:13  Phoenix (Chrono Boost)  
  145  10:26  Stalker  
  106  10:46  Stalker  
  106  10:47  Stalker  
  106  10:48  Probe x2  
Show
View Real Time Build Order
Export as new Build Order

Coffee Terran - Winner!

Build Orders: Reaper Expand 

Get SALT Encoding   

  12  0:00  SCV  
  13  0:12  SCV  
  14  0:16  Supply Depot  
  14  0:25  SCV  
  15  0:38  SCV  
  15  0:39  Barracks  
  16  0:43  Refinery  
  16  0:50  SCV  
  17  1:02  SCV  
  18  1:14  SCV  
  19  1:26  Orbital Command, Reaper  
  20  1:38  Command Center  
  20  1:46  Supply Depot  
  20  1:52  SCV  
  21  1:58  Marine  
  22  2:04  SCV  
  22  2:06  Factory  
  23  2:14  Bunker  
  23  2:17  SCV  
  23  2:21  Barracks Reactor, Refinery  
  24  2:29  SCV  
  25  2:41  SCV  
  28  2:51  Hellion  
  28  2:52  Orbital Command  
  28  2:53  SCV  
  28  2:55  Starport  
  28  2:58  Marine  
  30  3:05  SCV  
  31  3:10  Marine  
  31  3:12  Cyclone  
  34  3:17  SCV x2  
  36  3:22  Supply Depot  
  36  3:29  SCV x2  
  36  3:31  Marine x2  
  39  3:41  SCV x2  
  39  3:44  Cyclone  
  42  3:51  Viking  
  42  3:53  SCV  
  42  3:54  SCV  
  46  3:58  Marine x2  
  46  4:01  Supply Depot  
  48  4:05  SCV  
  48  4:06  SCV  
  48  4:09  Barracks  
  48  4:10  Barracks  
  48  4:18  SCV x2, Factory Tech Lab, Supply Depot  
  48  4:21  Liberator  
  53  4:28  Engineering Bay  
  53  4:30  SCV x2, Refinery  
  55  4:34  Marine  
  55  4:35  Marine  
  57  4:42  SCV x2  
  59  4:47  Supply Depot  
  59  4:53  Terran Infantry Weapons Level 1  
  59  4:54  SCV x2  
  59  4:56  Supply Depot, Marine x2  
  63  5:06  Stimpack, SCV x2, Barracks Tech Lab  
  63  5:07  Factory Reactor, Marine  
  63  5:08  Starport Reactor  
  63  5:12  Refinery  
  64  5:18  SCV x2, Marine  
  64  5:19  Marine  
  68  5:24  Combat Shield  
  68  5:27  Marauder x2  
  72  5:30  SCV x2, Supply Depot  
  72  5:31  Supply Depot  
  73  5:36  Marine x2  
  73  5:42  SCV x2  
  77  5:46  Medivac x2  
  81  5:51  Marauder x2  
  81  5:55  Widow Mine x2  
  89  6:02  Marine x2  
  89  6:03  Supply Depot  
  91  6:04  Supply Depot  
  91  6:11  Missile Turret  
  91  6:12  Command Center  
  91  6:15  Missile Turret  
  91  6:22  Marauder x2  
  91  6:23  Marine  
  91  6:24  Marine  
  97  6:32  Medivac x2  
  101  6:39  Barracks x2  
  101  6:41  Marine  
  101  6:45  Marauder x2  
  94  7:01  Marine  
  94  7:02  Marine  
  94  7:07  Marauder x2  
  96  7:09  Medivac x2  
  96  7:11  Widow Mine x2  
  96  7:12  Terran Infantry Armor Level 1  
  96  7:13  SCV  
  96  7:14  SCV  
  106  7:22  Marine x2  
  108  7:27  Barracks Tech Lab, Barracks Reactor  
  108  7:30  SCV x2  
  108  7:31  Marauder x2  
  108  7:34  Missile Turret  
  114  7:41  Starport  
  66  7:44  Viking x2  
  114  7:46  SCV x2  
  118  7:55  Marauder x3  
  124  7:59  Marine x2  
  124  8:03  Supply Depot  
  126  8:07  Orbital Command  
  126  8:09  SCV x2  
  128  8:14  Marine  
  128  8:15  Marine  
  128  8:18  Marine  
  128  8:19  Marine  
  130  8:22  Marauder  
  130  8:25  Supply Depot, Marauder x2  
  136  8:28  Supply Depot  
  136  8:34  SCV x3  
  138  8:40  Supply Depot, Ghost Academy  
  139  8:42  Refinery  
  139  8:46  Viking  
  139  8:47  Viking  
  143  8:50  Viking x2  
  143  8:52  SCV x2  
  147  8:56  Refinery  
  140  9:14  Ghost x3, Marine x4  
  128  9:19  Viking x2  
  132  9:24  Viking x2  
  132  9:28  Engineering Bay  
  132  9:30  Armory  
  136  9:36  Marine x4  
  140  9:43  Command Center  
  139  9:52  Medivac x2  
  143  9:55  Viking x2  
  147  10:05  SCV x2  
  149  10:09  Ghost  
  149  10:10  Ghost x2  
  149  10:13  Marine x3  
  158  10:14  Marine  
  153  10:35  Marine x4  
Tags
 
Add a new tag
Caveats
  • Supply blocks, unpowered buildings, or Contaminate may cause inaccurate times.
  • Supply counts are checked every 10 seconds.